 Dungeon Crawl Stone Soup version 0.19-a0-1007-g133f65f (webtiles) character file.

58 HAL9000 the Cudgeler (level 4, -1/73 HPs)
             Began as an Ogre Berserker on July 21, 2016.
             Was a Believer of Trog.
             Slain by a kobold
             ... wielding a +0 whip
              (3 damage)
             ... on level 3 of the Dungeon.
             The game lasted 00:03:18 (1259 turns).

HAL9000 the Cudgeler (Ogre Berserker)               Turns: 1259, Time: 00:03:19

Health: -1/73      AC:  3    Str: 27    XL:     4   Next: 1%
Magic:  4/4        EV: 10    Int:  6    God:    Trog [**....]
Gold:   51         SH:  0    Dex: 10    Spells: 0 memorised, 3 levels left

rFire  . . .     SeeInvis .     a - +0 mace
rCold  . . .     Gourm    .     b - +0 animal skin
rNeg   . . .     Faith    .     (no shield)
rPois  .         Spirit   .     (helmet restricted)
rElec  .         Dismiss  .     (no cloak)
rCorr  .         Reflect  .     (gloves unavailable)
SustAt .         Harm     .     (boots unavailable)
MR     .....     Rnd*Tele +     (no amulet)
Stlth  ..........               (no ring)
                                t - ring of teleportation (curse)

@: berserking, very quick, not resistant to hostile enchantments, extremely
unstealthy
A: unfitting armour, tough skin 1
a: Berserk, Trog's Hand, Burn Spellbooks, Renounce Religion


You were on level 3 of the Dungeon.
You worshipped Trog.
Trog was pleased with you.
You were hungry.

You visited 1 branch of the dungeon, and saw 3 of its levels.

You collected 51 gold pieces.

Inventory:

Hand Weapons
 a - a +0 mace (weapon)
Armour
 b - a +0 animal skin (worn)
Jewellery
 t - a cursed ring of teleportation (left hand)
Scrolls
 e - 2 scrolls of amnesia {unknown}
 f - 2 scrolls of remove curse {unknown}
 i - a scroll of blinking {unknown}
 k - a scroll of identify {unknown}
 u - a scroll of teleportation {unknown}
 v - a scroll of fear {unknown}
 w - a scroll of recharging {unknown}
 y - a scroll of enchant armour {unknown}
Potions
 d - a potion of invisibility {unknown}
 h - a potion of degeneration {unknown}
 j - a potion of might {unknown}
 x - a potion of curing {unknown}
Comestibles
 c - a bread ration
 g - a meat ration
 z - a chunk of flesh


   Skills:
 + Level 4.9 Fighting
 * Level 5.5 Maces & Flails
 - Level 2.6 Dodging


You had 3 spell levels left.
You didn't know any spells.

Dungeon Overview and Level Annotations

Branches:
Dungeon (3/15)

Altars:
Gozag
Qazlal

Annotations:
D:3 Shenda's ghost, novice OgHu


Innate Abilities, Weirdness & Mutations

You are too large for most types of armour.
You have tough skin. (AC +1)


Message History

You barely miss the orc.
The orc is lightly wounded.
Shenda's ghost shrieks, "You must not succeed where I failed!"
Shenda's ghost hits you.
* * * LOW HITPOINT WARNING * * *
The kobold hits you with a whip.
* * * LOW HITPOINT WARNING * * *
The orc hits you but does no damage. The orc hits you.
* * * LOW HITPOINT WARNING * * *
A red film seems to cover your vision as you go berserk!
You feel yourself moving faster!
You feel mighty!
You are feeling hungry.
Shenda's ghost barely misses you. The kobold closely misses you.
The orc barely misses you. The orc hits you but does no damage.
You hit the orc.
The orc is almost dead.
Shenda's ghost hits you.
* * * LOW HITPOINT WARNING * * *
The kobold hits you with a whip.
You die...

.... ####.####
#..'.'..# # #...#
#⌠.#.#..#.#
#...##.####.##'#.#
##....#........W?.#
.....#.####.##'#$#
#....# #..WoK..#.#
#....# #..#@#..# #
####...# #+##o####
#.†....# ...
rrrrr..#.# ##.##
rr######.# +.' r###
#.# #.# ##.#####.#
#.# .........## ...
##........#


You could see Shenda's ghost, 2 orcs and a kobold.

Vanquished Creatures
  An adder (D:3)
  A worm (D:2)
  A dart slug (D:1)
  4 giant geckos (D:2)
  7 bats
  4 goblins (D:2)
  7 hobgoblins
  3 kobolds
  A ball python (D:1)
  3 giant newts
  7 rats
39 creatures vanquished.

Notes
Turn   | Place    | Note
-------+----------+-------------------------------------------
     0 | D:1      | HAL9000 the Ogre Berserker began the quest for the Orb.
     0 | D:1      | Reached XP level 1. HP: 24/24 MP: 1/1
   197 | D:1      | Reached XP level 2. HP: 29/32 MP: 2/2
   355 | D:1      | You fall through a shaft!
   635 | D:2      | Reached skill level 5 in Maces & Flails
   635 | D:2      | Reached XP level 3. HP: 36/40 MP: 3/3
   759 | D:2      | Reached ** piety under Trog
   823 | D:2      | Found a stormy altar of Qazlal.
   825 | D:2      | Found an opulent altar of Gozag.
  1238 | D:3      | Reached XP level 4. HP: 40/49 MP: 4/4
  1238 | D:3      | Noticed Shenda's ghost (novice OgHu)
  1257 | D:3      | HP: 2/49 [orc (2)]
  1259 | D:3      | Slain by a kobold

Vault maps used:
D:1:      dpeg_arrival_round_a, nrook_mini_backslash
D:2:      nicolae_overflow_hidden_temple
D:3:      minmay_door_path, dancing_weapons_uskayaw, minmay_rat_hole

Skill      XL: |  1  2 |
---------------+-------+-----
Maces & Flails | 5 |  5.5
Fighting       | |  4.9
Dodging        | |  2.6

Action                   |  1- 3 |  4- 6 || total
-------------------------+-------+-------++-------
Melee: Mace              |   119 |     8 ||   127
Invok: Berserk           |       |     1 ||     1
 Stab: Sleeping          |     1 |       ||     1
  Eat: Chunk             |     1 |       ||     1
Armor: Animal skin       |    49 |     3 ||    52
Dodge: Dodged            |    91 |     9 ||   100
